AoeStats
← coolbeans

Arabia

510545172Analyzed
1v1 RM · 12h ago on Oct 1, 2026· 48m 36s· 2 players
Game mode
Random Map
Map size
Tiny (2 player)
Population
200
Speed
Normal
Resources
Standard
Victory
Conquest
Starting age
Dark Age
Ending age
Imperial Age
RankedLock teamsTeams togetherTeam positionsShared explorationLock speedFull tech treeHidden civsTurbo modeCheats
Victory
Defeat
🇩🇪 Varangians · Germany
1111
+15
🇫🇷 Malians · France
1087
-15
Ccosmic
7:27 Loom
9:14 Feudal Age
9:56 Man-at-Arms
13:34 Scale Mail Armor
18:56 Castle Age
17:21 Fletching
17:33 Double-Bit Axe
18:40 Gold Mining
19:47 Forging
18:59 Long Swordsman
20:17 Squires
23:19 Bow Saw
23:52 Bodkin Arrow
25:16 Crossbowman
26:01 Padded Archer Armor
28:01 Leather Archer Armor
32:29 Thumb Ring
34:04 Horse Collar
35:03 Wheelbarrow
37:45 Ballistics
40:09 Imperial Age
39:23 Gold Shaft Mining
43:16 Arbalester
coolbeans
7:38 Loom
10:09 Feudal Age
11:44 Man-at-Arms
20:32 Castle Age
19:02 Scale Mail Armor
19:07 Gold Mining
19:48 Forging
19:32 Double-Bit Axe
22:55 Squires
23:45 Chain Mail Armor
25:59 Stone Mining
33:04 Wheelbarrow
32:58 Bow Saw
32:52 Arson
37:34 Imperial Age
35:46 Town Watch
37:38 Iron Casting
38:45 Plate Mail Armor
37:42 Gothikon
39:31 Fletching
39:02 Elite Varangian Guard
42:11 Conscription
43:37 Scale Barding Armor
44:08 Iron Casting
48:02 Blast Furnace
Connection lost

Rejoining the realm…

Still unreachable

The connection could not be restored.

Session expired

The server has moved on; the page needs a fresh start.